 Dungeon Crawl Stone Soup version 0.26.1-10-gdfb7c7de75 (webtiles) character file.

Game seed: 7653366691501178798

572357 CrazyMind the Hoplite (level 27, -31/228 HPs)
             Began as a Barachi Fighter on Apr 4, 2021.
             Was a Priest of the Shining One.
             Killed from afar by a titan (46 damage)
             ... with a bolt of lightning
             ... created by the fury of Okawaru
             ... on level 1 of the Crypt on Apr 8, 2021.
             The game lasted 08:20:10 (72622 turns).

CrazyMind the Hoplite (Barachi Fighter)            Turns: 72622, Time: 08:20:10

Health: -31/228    AC: 40    Str: 27    XL:     27
Magic:  10/10      EV:  9    Int: 16    God:    the Shining One [***...]
Gold:   6688       SH: 32    Dex:  9    Spells: 26/26 levels left

rFire    + + .     SeeInvis +   e - +3 war axe of Instant Death {antimagic, rN++}
rCold    + + .     Faith    .   q - +0 tower shield
rNeg     + + +     Spirit   .   m - +8 gold dragon scales
rPois    +         Reflect  +   M - +2 helmet {SInv}
rElec    .         Harm     .   L - +1 cloak of Relativism {Slay+2}
rCorr    .         Rampage  .   y - +0 pair of gloves of Loss {rF+ Regen+ Int+2}
Will     +++++                  S - +2 pair of boots {run}
Stlth    ..........             p - amulet of reflection
HPRegen  0.88/turn              V - ring "Qisenoho" {Ice Will+++ Int+2 Dex-3}
MPRegen  0.12/turn              Z - ring "Goumues" {rF+ rN+ Will+ Stlth+}

@: mighty, glowing, studying Throwing
A: +LOS, swims, slowness 1, strong legs 2
}: 3/15 runes: decaying, silver, gossamer
a: Hop, Renounce Religion, Divine Shield


You were on level 1 of the Crypt.
You worshipped the Shining One.
The Shining One was most pleased with you.
You visited 10 branches of the dungeon, and saw 46 of its levels.
You also visited: Trove, Sewer, Ossuary, Bailey and Ice Cave.

You collected 9319 gold pieces.
You spent 2631 gold pieces at shops.

Inventory:

Hand Weapons
 e - the +3 war axe of Instant Death (weapon) {antimagic, rN++}
   (You took it off a deep elf annihilator on level 3 of the Elven Halls)

   It reduces the magical energy of the wielder, and disrupts the spells and
   magical abilities of those hit.
   Natural abilities and divine invocations are not affected.
   It greatly protects you from negative energy.
 k - a +5 broad axe of freezing
 K - a +1 broad axe of flaming
Missiles
 a - 53 silver javelins
 c - 114 poisoned darts
 g - 96 boomerangs (quivered)
 i - 35 silver boomerangs
 o - 58 javelins
 r - 6 throwing nets
 H - 6 boomerangs of dispersal
 J - 19 curare-tipped darts
Armour
 m - +8 gold dragon scales (worn)
 q - a +0 tower shield (worn)
 y - the +0 pair of gloves of Loss (worn) {rF+ Regen+ Int+2}
   (Okawaru gifted it to you on level 5 of the Vaults)

   It affects your intelligence (+2).
   It protects you from fire.
   It increases your rate of regeneration.
 L - the +1 cloak of Relativism (worn) {Slay+2}
   (You found it on level 1 of the Swamp)

   It affects your accuracy and damage with ranged weapons and melee attacks
   (+2).
 M - a +2 helmet of see invisible (worn)
 S - a +2 pair of boots of running (worn)
Jewellery
 p - an amulet of reflection (around neck)
 D - an uncursed ring of resist corrosion
 V - the ring "Qisenoho" (left hand) {Ice Will+++ Int+2 Dex-3}
   (You bought it in a shop on level 2 of the Vaults)

   [ring of ice]

   It enhances your ice magic.
   It affects your intelligence (+2).
   It affects your dexterity (-3).
   It makes you vulnerable to fire.
   It protects you from cold.
   It affects your willpower, your defense against some magical effects.
 Z - the ring "Goumues" (right hand) {rF+ rN+ Will+ Stlth+}
   (You bought it in a shop on level 2 of the Depths)

   [ring of willpower]

   It protects you from fire.
   It protects you from negative energy.
   It affects your willpower, your defense against some magical effects.
   It makes you more stealthy.
Wands
 x - a wand of acid (113)
 W - a wand of digging (31)
Scrolls
 b - 7 scrolls of magic mapping
 d - 2 scrolls of summoning
 f - 7 scrolls of fear
 u - 28 scrolls of remove curse
 v - 19 scrolls of identify
 w - 6 scrolls of silence
 E - 23 scrolls of teleportation
 P - 5 scrolls of fog
 R - a scroll of holy word
 T - 12 scrolls of blinking
Potions
 n - 16 potions of curing
 A - 11 potions of flight
 B - 7 potions of haste
 C - 9 potions of mutation
 F - 4 potions of berserk rage
 G - 2 potions of resistance
 I - 4 potions of cancellation
 X - 3 potions of heal wounds
 Y - 10 potions of ambrosia
Books
 U - a manual of Throwing
Miscellaneous
 l - a phantom mirror
 z - a phial of floods


   Skills:
 + Level 21.2 Fighting
 + Level 24.5 Axes
 + Level 1.4(17.0) Maces & Flails
 * Level 15.5 Throwing
 + Level 15.9 Armour
 + Level 8.0 Dodging
 + Level 26.6 Shields
 * Level 11.9 Invocations
 + Level 0.3 Evocations


You had 26 spell levels left.
You didn't know any spells.
Your spell library contained the following spells:

 Spells                   Type           Power        Failure   Level
 Animate Skeleton         Necr           0%           99%         1
 Apportation              Tloc           0%           99%         1
 Beastly Appendage        Tmut           0%           99%         1
 Corona                   Hex            0%           99%         1
 Freeze                   Ice            0%           99%         1
 Magic Dart               Conj           0%           99%         1
 Sandblast                Erth           0%           99%         1
 Shock                    Conj/Air       0%           99%         1
 Sting                    Tmut/Pois      0%           99%         1
 Summon Small Mammal      Summ           0%           99%         1
 Blink                    Tloc           N/A          100%        2
 Call Imp                 Summ           0%           100%        2
 Corpse Rot               Necr/Air       N/A          100%        2
 Ensorcelled Hibernation  Hex/Ice        0%           100%        2
 Passwall                 Tmut/Erth      0%           100%        2
 Poisonous Vapours        Pois/Air       0%           100%        2
 Searing Ray              Conj           0%           100%        2
 Slow                     Hex            0%           100%        2
 Sublimation of Blood     Necr           0%           100%        2
 Swiftness                Air            0%           100%        2
 Wereblood                Tmut           0%           100%        2
 Call Canine Familiar     Summ           0%           100%        3
 Confusing Touch          Hex            0%           100%        3
 Conjure Flame            Conj/Fire      0%           100%        3
 Dazzling Flash           Conj/Hex       0%           100%        3
 Frozen Ramparts          Ice            0%           100%        3
 Gell's Gravitas          Tloc           0%           100%        3
 Ignite Poison            Fire/Tmut/Pois 0%           100%        3
 Inner Flame              Hex/Fire       0%           100%        3
 Lesser Beckoning         Tloc           0%           100%        3
 Mephitic Cloud           Conj/Pois/Air  0%           100%        3
 Ozocubu's Armour         Ice            0%           100%        3
 Portal Projectile        Hex/Tloc       0%           100%        3
 Spider Form              Tmut/Pois      0%           100%        3
 Static Discharge         Conj/Air       0%           100%        3
 Stone Arrow              Conj/Erth      0%           100%        3
 Summon Guardian Golem    Hex/Summ       0%           100%        3
 Teleport Other           Tloc           0%           100%        3
 Tukima's Dance           Hex            0%           100%        3
 Airstrike                Air            0%           100%        4
 Animate Dead             Necr           0%           100%        4
 Cause Fear               Hex            0%           100%        4
 Dispel Undead            Necr           0%           100%        4
 Fulminant Prism          Conj/Hex       0%           100%        4
 Hailstorm                Conj/Ice       0%           100%        4
 Ice Form                 Ice/Tmut       0%           100%        4
 Iskenderun's Mystic Bla  Conj/Tloc      0%           100%        4
 Leda's Liquefaction      Hex/Erth       0%           100%        4
 Olgreb's Toxic Radiance  Pois           0%           100%        4
 Passage of Golubria      Tloc           N/A          100%        4
 Petrify                  Tmut/Erth      0%           100%        4
 Summon Ice Beast         Ice/Summ       0%           100%        4
 Summon Lightning Spire   Summ/Air       0%           100%        4
 Agony                    Necr           0%           100%        5
 Alistair's Intoxication  Tmut/Pois      0%           100%        5
 Blade Hands              Tmut           0%           100%        5
 Bolt of Magma            Conj/Fire/Erth 0%           100%        5
 Borgnjor's Vile Clutch   Necr/Erth      0%           100%        5
 Excruciating Wounds      Necr           0%           100%        5
 Fireball                 Conj/Fire      0%           100%        5
 Irradiate                Conj/Tmut      0%           100%        5
 Iskenderun's Battlesphe  Conj           0%           100%        5
 Lee's Rapid Deconstruct  Erth           0%           100%        5
 Lightning Bolt           Conj/Air       0%           100%        5
 Metabolic Englaciation   Hex/Ice        0%           100%        5
 Silence                  Hex/Air        0%           100%        5
 Summon Forest            Summ/Tloc      0%           100%        5
 Yara's Violent Unravell  Hex/Tmut       0%           100%        5
 Death Channel            Necr           0%           100%        6
 Eringya's Noxious Bog    Tmut/Pois      0%           100%        6
 Freezing Cloud           Conj/Ice/Air   0%           100%        6
 Hydra Form               Tmut           0%           100%        6
 Invisibility             Hex            0%           100%        6
 Iron Shot                Conj/Erth      0%           100%        6
 Shadow Creatures         Summ           N/A          100%        6
 Simulacrum               Ice/Necr       0%           100%        6
 Starburst                Conj/Fire      0%           100%        6
 Statue Form              Tmut/Erth      0%           100%        6
 Dragon Form              Tmut           0%           100%        7
 Spellforged Servitor     Conj/Summ      0%           100%        7
 Summon Hydra             Summ           0%           100%        7
 Ignition                 Fire           0%           100%        8
 Shatter                  Erth           0%           100%        9


Dungeon Overview and Level Annotations

Branches:
Dungeon (15/15)            Temple (1/1) D:6            Lair (6/6) D:8
  Swamp (4/4) Lair:3       Spider (4/4) Lair:2        Slime (0/5) Lair:6
    Orc (2/2) D:9             Elf (3/3) Orc:2        Vaults (5/5) D:14
  Crypt (1/3) Vaults:3     Depths (5/5) D:15            Zot (0/5) Depths:5
  Sewer (visited)         Ossuary (visited)          Bailey (visited)
  IceCv (visited)

Altars:
Ashenzari
Cheibriados
Dithmenos
Elyvilon
Fedhas
Gozag
Hepliaklqana
Kikubaaqudgha
Makhleb
Nemelex Xobeh
Okawaru
Qazlal
Ru
Sif Muna
Trog
Uskayaw
Vehumet
Wu Jian
Xom
Yredelemnul
Zin
The Shining One
Jiyva

Shops:
D:4 [   D:8 [   D:11 :   D:13 ?   Orc:2 [([[=   Elf:1 [}?*   Elf:2 (   Elf:3 [
Vaults:2 =   Vaults:5 [   Depths:2 ==}   Depths:3 (   Depths:5 *

Portals:
Hell: Depths:1 Depths:2 Depths:3 Depths:4 Depths:5
Abyss: Depths:2 Depths:4
Pandemonium: Depths:1 Depths:3
Ziggurat: Depths:1

Annotations:
Elf:2 1 runed translucent door
Elf:3 1 runed translucent door, mrflibble's ghost, adept MiBe
Vaults:4 3 runed translucent doors, garrulousMonolith's ghost, veteran GnFi
Depths:1 3 runed translucent doors, UnDebs's ghost, adept MfFi
Depths:4 1 runed translucent door, WeeknightWizard's ghost, veteran DEFE


Innate Abilities, Weirdness & Mutations

You can be seen from farther away. (+LOS)
You can swim through water.
You cover ground slowly.
You can hop long distances.


Message History

You hit the red draconian but do no damage.
You slice the frost giant!!
The frost giant's magic leaks into the air.
You are engulfed in blazing flames.
You resist.
The titan waves its arms in wide circles.
The air twists around and strikes you!!
* * * LOW HITPOINT WARNING * * *
The yellow draconian hits you but does no damage.
You block the frost giant's attack.
Unknown command.
Unknown command.
As you read the scroll of summoning, it crumbles to dust.
Wisps of shadow whirl around you...
The shadows disperse without effect.
You are engulfed in blazing flames.
You resist. You block the red draconian's attack.
The titan points at you and mumbles some strange words.
The bolt of lightning hits you!!
* * * LOW HITPOINT WARNING * * *
The bolt of lightning hits you!!!
You die...

#....# #........
#....# #........
#....# #........
#....# #^......#
#....#####......##
#....##.........#
#..............##
#dd............###
#@C...............
##CC.............#
##....>##......##
##....##......#
#...........###
##..........##
#...........#
##..........##
##....########


You could see 2 titans, a frost giant, a yellow draconian and a red draconian
(catching breath).

Vanquished Creatures
  Mennas (Depths:2)
  Mara (Vaults:3)
  A juggernaut (Depths:4)
  A caustic shrike (Depths:3)
  Saint Roka (Depths:3)
  2 golden dragons (Vaults:5)
  Nikola (Swamp:2)
  A bone dragon (Depths:5)
  Arachne (Spider:3)
  7 liches
  Jorgrun (Swamp:2)
  6 tentacled monstrosities
  Asterion (Spider:4)
  5 deep elf master archers
  3 deep elf blademasters
  3 acid blobs (Lair:6)
  4 sphinxes
  A quicksilver dragon (Vaults:5)
  Frances (D:13)
  An ancient champion (Vaults:3)
  6 titans
  2 thorn hunters (Swamp:4)
  5 shadow dragons (Vaults:5)
  The ghost of Eqig the Severer, an adept MiBe of Trog (Swamp:3)
  Donald (Swamp:3)
  6 tengu reavers
  2 storm dragons
  A revenant (Crypt:1)
  16 frost giants
  3 fenstrider witches (Swamp:4)
  13 deep elf sorcerers
  12 fire giants
  22 vault wardens
  7 emperor scorpions
  4 ghost moths
  3 orc warlords
  Aizul (Crypt:1)
  2 iron dragons
  A balrug (Depths:1)
  2 draconian scorchers (Depths:5)
  A ghoul (Vaults:3)
  Louise (Swamp:2)
  6 deep elf elementalists (Elf:3)
  15 ironheart preservers
  3 war gargoyles (Vaults:5)
  23 very ugly things
  23 stone giants
  2 vampire knights
  6 dire elephants (Lair:6)
  3 entropy weavers
  2 large abominations (Elf:3)
  9 deep elf demonologists
  3 green draconians
  2 red draconians
  Azrael (D:15)
  A yellow draconian (Depths:4)
  8 deep elf annihilators
  2 blizzard demons (IceCv)
  4 bunyips
  10 eleionomae
  A black draconian (Depths:5)
  13 ettins
  2 merfolk javelineers (Depths:2)
  7 spark wasps
  2 eidola (Crypt:1)
  7 deep elf death magi
  18 yaktaur captains
  2 green deaths (Swamp:4)
  5 deep elf high priests (Elf:3)
  5 jiangshi (Crypt:1)
  11 great orbs of eyes
  2 shambling mangroves
  7 fire dragons
  4 rakshasas
  10 ice dragons
  17 hydras
  A quicksilver dragon skeleton (Crypt:1)
  30 vault guards
  9 boulder beetles
  9 ghost crabs
  15 centaur warriors
  5 spriggan air magi
  2 death knights (Vaults:2)
  An anaconda (Lair:6)
  6 alligators (Swamp:4)
  4 catoblepae
  40 two-headed ogres
  19 ogre magi
  6 vampire magi
  5 deep troll shamans
  An orc high priest (Vaults:2)
  6 death yaks (Lair:6)
  14 tengu warriors
  22 dancing weapons
  11 deep troll earth magi
  2 soul eaters
  5 spriggan berserkers
  A shock serpent (shapeshifter) (Vaults:2)
  28 deep elf knights
  6 hell knights (Depths:4)
  A storm dragon zombie (Vaults:2)
  5 spriggans
  6 iron trolls
  11 skeletal warriors
  The ghost of doomsgape the Cleaver, a novice HOFi of Beogh (D:6)
  A sixfirhy (Swamp:4)
  8 spriggan druids
  32 deep trolls
  5 goliath frogs
  4 shadow wraiths
  A golden dragon zombie (Crypt:1)
  4 unseen horrors
  7 wizards
  23 deep elf archers
  3 swamp dragons
  An orange crystal statue (Depths:1)
  3 flayed ghosts
  26 orc knights
  The ghost of Richi the Chopper, a novice PaFi (D:6)
  5 necromancers
  Pikel (D:5)
  3 bog bodies
  A lindwurm (Lair:6)
  6 phantasmal warriors
  13 ironbrand convokers
  An iron dragon zombie (Crypt:1)
  33 wolf spiders
  A shadow dragon zombie (Crypt:1)
  12 orc sorcerers
  3 human zombies
  19 orb spiders
  80 deep elf magi
  6 will-o-the-wisps
  50 ugly things
  6 cyclopes
  6 manticores
  3 oklob plants (Lair:3)
  3 moths of wrath
  A fire giant zombie (Depths:2)
  A frost giant zombie (Depths:2)
  An iron dragon skeleton (Crypt:1)
  3 black mambas
  Joseph (D:7)
  2 centaur zombies
  An eye of devastation (Vaults:3)
  2 ice statues (IceCv)
  3 apocalypse crabs (Swamp:3)
  4 elephants (Lair:6)
  A salamander (Depths:1)
  13 vault sentinels
  A guardian serpent (shapeshifter) (Depths:2)
  A fire giant skeleton (Vaults:3)
  An orange demon (Swamp:4)
  A storm dragon simulacrum (Vaults:3)
  4 torpor snails
  10 cane toads
  8 centaur skeletons
  7 komodo dragons
  12 ice devils (IceCv)
  An elephant slug zombie (Crypt:1)
  2 rime drakes (Lair:5)
  68 yaktaurs
  2 kobold demonologists (D:11)
  An efreet (D:15)
  15 demonic crawlers
  2 elf skeletons
  5 freezing wraiths
  10 hellwings
  A golden dragon simulacrum (IceCv)
  5 red devils (Depths:1)
  4 anaconda simulacra (IceCv)
  A sea snake skeleton (Crypt:1)
  2 tengu conjurers
  A queen bee (Orc:1)
  13 trolls
  A meliai (shapeshifter) (Vaults:2)
  3 polar bears
  29 jumping spiders
  15 hornets
  A tengu simulacrum (Vaults:2)
  Grinder (D:6)
  13 tyrant leeches
  7 blink frogs
  A raiju (shapeshifter) (Vaults:2)
  40 slime creatures
  7 dream sheep (Lair:6)
  2 shadows
  A harpy skeleton (D:15)
  A flying skull (Vaults:3)
  4 air elementals
  87 redbacks
  A spriggan skeleton (Depths:2)
  48 yaks
  38 tarantellas
  6 water elementals
  A yak (shapeshifter) (Vaults:5)
  A fire bat (shapeshifter) (Elf:3)
  4 wyverns
  Eustachio (D:5)
  5 fire elementals
  A golden eye (shapeshifter) (Depths:3)
  2 basilisks
  10 wraiths
  An ice dragon skeleton (Crypt:1)
  8 vampire mosquitoes
  A chaos spawn (Swamp:4)
  19 swamp worms
  8 wargs
  A harpy simulacrum (IceCv)
  Edmund (D:6)
  5 acid dragons
  2 neqoxecs (Swamp:4)
  21 water moccasins
  Duvessa (D:6)
  A hydra simulacrum (IceCv)
  3 hell hounds
  An iron troll simulacrum (IceCv)
  A floating eye (Depths:2)
  2 tengu skeletons
  89 orc warriors
  5 ice beasts
  A swamp drake (shapeshifter) (Vaults:5)
  2 ettin simulacra (IceCv)
  4 black bears
  4 necrophages
  5 sky beasts
  3 eyes of draining
  A fire dragon simulacrum (Crypt:1)
  2 phantoms
  45 centaurs
  50 ogres
  17 wolves
  4 boggarts (Vaults:2)
  3 lemures (D:4)
  2 big kobolds (D:11)
  13 bullfrogs
  An earth elemental (Elf:2)
  Dowan (D:6)
  4 scorpions
  A scorpion (shapeshifter) (Elf:1)
  28 killer bees
  An elf simulacrum (Vaults:2)
  25 wights
  2 howler monkeys (D:9)
  5 crimson imps (Depths:1)
  A bullfrog zombie (D:12)
  5 jellies
  A quasit (D:9)
  6 hounds
  27 orc priests
  2 gnoll shamans
  17 orc wizards
  Crazy Yiuf (D:7)
  2 bullfrog skeletons
  A basilisk skeleton (Crypt:1)
  6 iguanas
  13 worker ants
  A dwarf skeleton (Crypt:1)
  3 hound zombies
  A hound skeleton (D:4)
  8 mummies (Ossuary)
  2 worker ant zombies
  18 gnolls
  19 adders
  2 river rats (Sewer)
  A shadow imp (D:5)
  4 white imps
  3 ufetubi
  An adder skeleton (D:5)
  An adder zombie (D:8)
  3 worms
  4 dart slugs
  4 leopard geckos
  129 orcs
  5 ball pythons
  8 bats
  18 giant cockroaches
  A gnoll zombie (Ossuary)
  14 goblins
  14 hobgoblins
  2 jackals (D:9)
  5 quokkas
  15 frilled lizards
  2 hobgoblin zombies (Ossuary)
  A jackal zombie (D:6)
  31 kobolds
  4 kobold zombies (Ossuary)
  2 leopard gecko skeletons (D:5)
  An orc skeleton (Crypt:1)
  An orc zombie (Ossuary)
  A quokka zombie (D:9)
  8 rats
  6 briar patches (Swamp:4)
2395 creatures vanquished.

Vanquished Creatures (collateral kills)
  Psyche (D:10)
  An orc (Depths:3)
2 creatures vanquished.

Vanquished Creatures (others)
  A thorn hunter (Swamp:3)
  A deep elf knight (Elf:1)
  A bog body (Crypt:1)
  A wizard (Vaults:2)
  4 deep elf magi
  A tengu conjurer (Depths:2)
  A hornet (Swamp:2)
  4 bloated husks
  A tyrant leech (Swamp:2)
  A redback (Spider:1)
  A spriggan (Swamp:2)
  A sky beast (D:13)
  An orc wizard (D:6)
  A steam dragon skeleton (Crypt:1)
  5 briar patches
  3 bushes (Lair:6)
  40 foxfires
  99 fungi
  109 plants
  2 withered plants (Swamp:3)
278 creatures vanquished.

Grand Total: 2675 creatures vanquished

Notes
Turn   | Place    | Note
-------+----------+-------------------------------------------
     0 | D:1      | CrazyMind the Barachi Fighter began the quest for the Orb.
     0 | D:1      | Reached XP level 1. HP: 18/18 MP: 1/1
   144 | D:1      | Reached XP level 2. HP: 25/25 MP: 2/2
   318 | D:1      | Reached skill level 4 in Shields
   438 | D:1      | Reached XP level 3. HP: 30/30 MP: 3/3
   987 | D:2      | You fall into a shaft and drop 2 floors!
   995 | D:4      | Reached XP level 4. HP: 37/37 MP: 4/4
  1170 | D:4      | Found Mosaacvo's Antique Armour Shop.
  1294 | D:2      | Reached XP level 5. HP: 35/42 MP: 5/5
  1571 | D:2      | You fall into a shaft and drop 1 floor!
  1605 | D:3      | Reached skill level 1 in Throwing
  1681 | D:3      | Reached skill level 1 in Dodging
  1792 | D:2      | Reached skill level 5 in Shields
  2128 | D:3      | Reached XP level 6. HP: 48/48 MP: 6/6
  3274 | D:4      | Found Nooloer's Armour Emporium.
  3499 | D:4      | You fall into a shaft and drop 1 floor!
  3499 | D:5      | Entered Level 5 of the Dungeon
  3517 | D:5      | Reached skill level 5 in Axes
  3517 | D:5      | Reached skill level 6 in Shields
  3517 | D:5      | Reached XP level 7. HP: 50/55 MP: 7/7
  3574 | D:5      | Found a sand-covered staircase.
  3602 | D:5      | Noticed Pikel
  3606 | Ossuary  | Entered an ossuary
  3865 | Ossuary  | Reached XP level 8. HP: 60/61 MP: 8/8
  4226 | D:5      | Killed Pikel
  4227 | D:5      | Reached skill level 5 in Fighting
  4227 | D:5      | Reached skill level 5 in Armour
  4227 | D:5      | Reached skill level 7 in Shields
  4442 | D:5      | Noticed Eustachio
  4468 | D:5      | Killed Eustachio
  5017 | D:6      | Reached skill level 8 in Shields
  5025 | D:6      | Reached XP level 9. HP: 18/68 MP: 9/9
  5122 | D:6      | Found a glowing drain.
  5137 | Sewer    | Entered a sewer
  5757 | D:6      | Noticed Duvessa
  5757 | D:6      | Noticed Dowan
  5769 | D:6      | Killed Duvessa
  5773 | D:6      | Killed Dowan
  5910 | D:6      | Found a runed translucent gate.
  5910 | D:6      | Found a runed translucent gate.
  5910 | D:6      | Found a runed translucent gate.
  5957 | D:6      | Found a staircase to the Ecumenical Temple.
  5967 | Temple   | Entered the Ecumenical Temple
  6114 | Temple   | Became a worshipper of Warmaster Okawaru
  6273 | D:6      | Noticed Edmund
  6306 | D:6      | Killed Edmund
  6472 | D:6      | Noticed Richi's ghost (novice PaFi)
  6473 | D:6      | Noticed doomsgape's ghost (novice HOFi)
  6767 | D:6      | Noticed Grinder
  6771 | D:6      | Killed Grinder
  6771 | D:6      | Reached * piety under Okawaru
  6772 | D:6      | Reached skill level 1 in Invocations
  6788 | D:6      | Reached skill level 9 in Shields
  7268 | D:7      | Found an opulent altar of Gozag.
  7615 | D:7      | Noticed Joseph
  7628 | D:7      | Killed Joseph
  7628 | D:7      | Reached ** piety under Okawaru
  7629 | D:7      | Reached skill level 10 in Axes
  7629 | D:7      | Reached XP level 10. HP: 76/76 MP: 9/11
  7747 | D:7      | Found a runed translucent door.
  7748 | D:7      | Noticed Crazy Yiuf
  8109 | D:7      | Killed Crazy Yiuf
  8888 | D:8      | Reached skill level 10 in Shields
  8893 | D:8      | Reached *** piety under Okawaru
  9172 | D:8      | Found a staircase to the Lair.
  9188 | D:8      | Found Inele's Antique Armour Shop.
  9357 | Lair:1   | Entered Level 1 of the Lair of Beasts
  9574 | Lair:1   | Noticed a cane toad
  9594 | Lair:1   | Killed a cane toad
  9594 | Lair:1   | Reached **** piety under Okawaru
  9612 | Lair:1   | Reached XP level 11. HP: 68/83 MP: 11/13
  9636 | Lair:1   | Reached skill level 11 in Shields
 10094 | D:9      | Found a staircase to the Orcish Mines.
 10241 | D:9      | Reached ***** piety under Okawaru
 10810 | D:9      | Identified the +8 trident "Soetuj" {drain, Str+3}
 11146 | D:10     | Entered Level 10 of the Dungeon
 11151 | D:10     | Identified the cursed +1 morningstar of Tartarus {vorpal,
                  | +Fly rElec rF- Int-5} (You found it on level 10 of the
                  | Dungeon)
 11432 | D:10     | Received a gift from Okawaru
 11434 | D:10     | Noticed Psyche
 11438 | D:10     | Killed Psyche
 13055 | Lair:2   | Got a slimy flail
 13056 | Lair:2   | Identified the cursed +0 flail "Woiggali" {speed, rF++ rC+
                  | Str-5 Stlth+} (You found it on level 2 of the Lair of
                  | Beasts)
 13058 | Lair:2   | Found a hole to the Spider Nest.
 13965 | Lair:2   | Received a gift from Okawaru
 13966 | Lair:2   | Got a crystal broad axe {god gift}
 13967 | Lair:2   | Identified the +3 broad axe of Ephaorchev {distort, Str+2}
                  | (Okawaru gifted it to you on level 2 of the Lair of Beasts)
 14128 | Lair:2   | Reached XP level 12. HP: 52/91 MP: 13/15
 14633 | Lair:3   | Reached skill level 5 in Throwing
 14741 | Lair:3   | Reached skill level 12 in Shields
 14995 | Lair:3   | Reached skill level 5 in Invocations
 15035 | Lair:3   | Found a staircase to the Swamp.
 15035 | Lair:3   | Noticed a seven-headed hydra
 15071 | Lair:3   | Found a hide-covered altar of Uskayaw.
 15073 | Lair:3   | Noticed a boulder beetle
 15077 | Lair:3   | Found an ornate altar of the Wu Jian Council.
 15383 | Lair:3   | Killed a boulder beetle
 15728 | Lair:3   | Killed a seven-headed hydra
 16048 | Lair:4   | Noticed a seven-headed hydra
 16076 | Lair:3   | Received a gift from Okawaru
 16328 | Lair:4   | Noticed a boulder beetle
 16360 | Lair:4   | Killed a seven-headed hydra
 16387 | Lair:4   | Killed a boulder beetle
 16388 | Lair:4   | Reached skill level 1 in Maces & Flails
 17421 | Lair:5   | Noticed an eight-headed hydra
 17435 | Lair:5   | Killed an eight-headed hydra
 17435 | Lair:5   | Received a gift from Okawaru
 17438 | Lair:5   | Noticed a boulder beetle
 17585 | Lair:5   | Killed a boulder beetle
 17620 | Lair:5   | Gained mutation: You can hop long distances. [Barachi
                  | growth]
 17620 | Lair:5   | Reached XP level 13. HP: 97/99 MP: 17/17
 17621 | Lair:5   | Reached ****** piety under Okawaru
 18068 | Lair:5   | Received a gift from Okawaru
 19079 | Lair:6   | Entered Level 6 of the Lair of Beasts
 19827 | Lair:6   | Received a gift from Okawaru
 19828 | Lair:6   | Got a fine ring mail {god gift}
 19829 | Lair:6   | Identified the +3 ring mail "Tubavuss" {+Blink rC+ Will-
                  | Dex+7} (Okawaru gifted it to you on level 6 of the Lair of
                  | Beasts)
 20277 | Lair:6   | Reached skill level 13 in Shields
 20335 | Lair:6   | Reached skill level 15 in Axes
 21143 | Lair:6   | Found a runed translucent door.
 21148 | Lair:6   | Found a viscous altar of Jiyva.
 21149 | Lair:6   | Found a staircase to the Slime Pits.
 21149 | Lair:6   | Noticed an acid blob
 21149 | Lair:6   | Noticed an acid blob
 21149 | Lair:6   | Noticed an acid blob
 21365 | Lair:6   | Reached XP level 14. HP: 98/108 MP: 19/19
 21399 | Lair:6   | Noticed a dire elephant
 21411 | Lair:6   | Killed a dire elephant
 21426 | Lair:6   | Noticed a dire elephant
 21426 | Lair:6   | Noticed a dire elephant
 21451 | Lair:6   | Killed a dire elephant
 21468 | Lair:6   | Killed a dire elephant
 21760 | Lair:6   | Noticed a dire elephant
 21776 | Lair:6   | Killed a dire elephant
 22200 | Lair:6   | Noticed a dire elephant
 22219 | Lair:6   | Killed a dire elephant
 22219 | Lair:6   | Received a gift from Okawaru
 22942 | D:11     | Found Ceih Beo's Book Boutique.
 23818 | D:12     | Reached skill level 10 in Fighting
 24482 | D:13     | Noticed Frances
 24502 | D:13     | Killed Frances
 24578 | D:13     | Found Wuuciuf's Magic Scroll Shoppe.
 24624 | D:13     | Found a flagged portal.
 24625 | D:13     | Identified the +3 hand axe "Yleskar" {pain, rF+ Dex+3}
 24657 | D:13     | Received a gift from Okawaru
 24667 | Bailey   | Entered a bailey
 25077 | D:13     | Reached XP level 15. HP: 115/115 MP: 21/21
 25464 | D:13     | Received a gift from Okawaru
 26227 | D:14     | Reached skill level 5 in Dodging
 26354 | D:14     | Reached skill level 14 in Shields
 26667 | D:14     | Found a gate to the Vaults.
 26767 | D:14     | Received a gift from Okawaru
 27009 | D:14     | Received a gift from Okawaru
 27609 | D:14     | Received a gift from Okawaru
 28213 | D:15     | Entered Level 15 of the Dungeon
 28325 | D:15     | Received a gift from Okawaru
 28360 | D:15     | Received a gift from Okawaru
 28576 | D:15     | Received a gift from Okawaru
 29066 | D:15     | Noticed Azrael
 29095 | D:15     | Killed Azrael
 29524 | D:15     | Reached XP level 16. HP: 102/125 MP: 22/22
 29747 | D:8      | Bought an agate-encrusted chain mail for 237 gold pieces
 29747 | D:8      | Identified the cursed +0 chain mail of the Amoeba {Dex+4
                  | Stlth+} (You bought it in a shop on level 8 of the Dungeon)
 29849 | D:4      | Bought a pitted scale mail for 162 gold pieces
 29851 | D:4      | Identified the +5 scale mail "Geitof" {rElec Dex+6} (You
                  | bought it in a shop on level 4 of the Dungeon)
 30360 | D:15     | Found a staircase to the Depths.
 30649 | D:15     | Found a portal to a secret trove of treasure.
 30932 | D:13     | Bought a scroll of fear for 42 gold pieces
 31009 | D:15     | You paid a toll of 5 scrolls of fear to enter a treasure
                  | trove
 31010 | Trove    | Entered a treasure trove
 31020 | Trove    | Identified Qirogg's Handbook of the Shifting Compass
 31479 | Spider:1 | Entered Level 1 of the Spider Nest
 31584 | Spider:1 | HP: 6/125 [entropy weaver (14)]
 32293 | Spider:1 | HP: 6/125 [spark wasp (14)]
 32729 | Spider:1 | Received a gift from Okawaru
 32730 | Spider:1 | Got a smoking broad axe {god gift}
 32731 | Spider:1 | Identified the +1 broad axe of Undoing {freeze, rF+}
                  | (Okawaru gifted it to you on level 1 of the Spider Nest)
 33358 | Spider:1 | Reached skill level 15 in Shields
 33716 | Spider:2 | Identified a scroll of acquirement
 33760 | Spider:2 | Acquired a +1 plate armour of willpower
 33896 | Spider:2 | Received a gift from Okawaru
 34100 | Spider:2 | Reached skill level 10 in Invocations
 34569 | Spider:3 | Reached skill level 10 in Armour
 34663 | Spider:3 | Noticed Arachne
 34684 | Spider:3 | Killed Arachne
 34685 | Spider:3 | Reached XP level 17. HP: 130/131 MP: 17/24
 35485 | Spider:4 | Entered Level 4 of the Spider Nest
 35803 | Spider:3 | Received a gift from Okawaru
 35819 | Spider:3 | Got a polished helmet {god gift}
 35821 | Spider:3 | Identified the +0 helmet of Okawaru's Envy {rElec} (Okawaru
                  | gifted it to you on level 3 of the Spider Nest)
 36096 | Spider:4 | Noticed Asterion
 36217 | Spider:4 | Killed Asterion
 37082 | Spider:4 | Reached skill level 16 in Shields
 37084 | Spider:4 | Received a gift from Okawaru
 37416 | Spider:4 | Reached XP level 18. HP: 117/140 MP: 0/26
 37576 | Spider:4 | Got a gossamer rune of Zot
 38042 | Swamp:1  | Entered Level 1 of the Swamp
 38068 | Lair:3   | Received a gift from Okawaru
 38404 | Swamp:1  | Received a gift from Okawaru
 38449 | Swamp:1  | Identified the +1 cloak of Relativism {Slay+2} (You found
                  | it on level 1 of the Swamp)
 39235 | Swamp:2  | Noticed Nikola
 39247 | Swamp:2  | Killed Nikola
 39445 | Swamp:2  | Received a gift from Okawaru
 39447 | Swamp:2  | Noticed Louise
 39449 | Swamp:2  | Got a pitted plate armour {god gift}
 39469 | Swamp:1  | Identified the +1 plate armour of Geren {*Corrode rF+
                  | Int+8} (Okawaru gifted it to you on level 2 of the Swamp)
 39706 | D:6      | Killed doomsgape's ghost
 39719 | D:6      | Killed Richi's ghost
 40281 | Orc:1    | Entered Level 1 of the Orcish Mines
 40451 | Orc:2    | Entered Level 2 of the Orcish Mines
 40507 | Orc:2    | Reached skill level 17 in Shields
 41082 | Orc:2    | Found a staircase to the Elven Halls.
 41261 | Orc:2    | Found Naomp's Antique Armour Shop.
 41298 | Orc:2    | Bought a pair of embroidered boots for 217 gold pieces
 41308 | Orc:2    | Identified a +1 pair of boots of running (You bought it in
                  | a shop on level 2 of the Orcish Mines)
 41389 | Orc:2    | Found Cumyaz's Armour Shop.
 41389 | Orc:2    | Found Tohadiff's Armour Emporium.
 41394 | Orc:2    | Found Hud Heca's Antique Weapon Shoppe.
 41401 | Orc:2    | Found Noubifaa's Jewellery Boutique.
 41606 | Orc:2    | Bought the ring "Zyur" {Will+ Dex-4 Slay+6 Stlth-} for 442
                  | gold pieces
 42119 | Swamp:2  | Killed Louise
 42218 | Swamp:2  | Noticed Jorgrun
 42227 | Swamp:2  | Killed Jorgrun
 42422 | Swamp:3  | Found a runed translucent door.
 42422 | Swamp:3  | Noticed Eqig's ghost (adept MiBe)
 42895 | Swamp:3  | Found a runed translucent door.
 42940 | Swamp:3  | Found an opulent altar of Gozag.
 42950 | Swamp:3  | Reached XP level 19. HP: 134/149 MP: 27/27
 43411 | Swamp:4  | Entered Level 4 of the Swamp
 43463 | Swamp:4  | Reached skill level 10 in Throwing
 43509 | Swamp:4  | Received a gift from Okawaru
 44105 | Swamp:4  | Received a gift from Okawaru
 44137 | Swamp:4  | Reached skill level 18 in Shields
 44909 | Swamp:4  | Received a gift from Okawaru
 46166 | Swamp:4  | Got a decaying rune of Zot
 46582 | Depths:1 | Entered Level 1 of the Depths
 46709 | Depths:1 | Found a runed translucent gate.
 46710 | Depths:1 | Found a runed translucent gate.
 46711 | Depths:1 | Found a runed translucent gate.
 46789 | Depths:1 | Noticed UnDebs's ghost (adept MfFi)
 46971 | Depths:1 | Found a one-way gate leading to the halls of Pandemonium.
 47052 | Depths:1 | Found a gateway to a ziggurat.
 47064 | Depths:1 | Received a gift from Okawaru
 47228 | Depths:1 | Found a gateway to Hell.
 47479 | Depths:1 | Reached XP level 20. HP: 159/159 MP: 28/28
 47607 | Depths:1 | Reached skill level 19 in Shields
 47761 | Depths:1 | Identified the cursed +1 whip "Meonga" {flame, Stlth+} (You
                  | found it on level 1 of the Depths)
 47863 | Depths:2 | You fall into a shaft and drop 2 floors!
 47866 | Depths:4 | Noticed a juggernaut
 47887 | Depths:4 | Killed a juggernaut
 47887 | Depths:4 | Received a gift from Okawaru
 48018 | Depths:2 | Noticed a lich
 48035 | Depths:2 | Noticed a lich
 48046 | Depths:2 | Killed a lich
 48052 | Depths:2 | Killed a lich
 48352 | Depths:2 | Found a one-way gate to the infinite horrors of the Abyss.
 48493 | Depths:2 | Received a gift from Okawaru
 48768 | Depths:2 | Received a gift from Okawaru
 48890 | Depths:2 | Reached skill level 15 in Fighting
 49157 | Depths:2 | Reached skill level 20 in Shields
 49416 | Depths:2 | Identified the ring "Rogec" {+Fly Dex+4} (You found it on
                  | level 2 of the Depths)
 49861 | Depths:2 | Reached XP level 21. HP: 168/168 MP: 29/29
 49969 | Depths:2 | Found Qysch's Gadget Shop.
 49969 | Depths:2 | Found Pon Upt's Jewellery Shoppe.
 49970 | Depths:2 | Found Mitystyu's Jewellery Shoppe.
 50004 | Depths:2 | Bought the ring "Goumues" {rF+ rN+ Will+ Stlth+} for 874
                  | gold pieces
 50159 | Depths:3 | Found Lileurph's Antique Weapon Shop.
 50351 | Depths:3 | Noticed Mennas
 50351 | Depths:3 | Noticed Saint Roka
 50381 | Depths:3 | Killed Saint Roka
 50381 | Depths:3 | Received a gift from Okawaru
 50443 | Depths:2 | Received a gift from Okawaru
 50870 | Depths:3 | Received a gift from Okawaru
 51647 | Depths:2 | Killed Mennas
 52089 | Depths:3 | Received a gift from Okawaru
 52134 | Depths:3 | Reached skill level 21 in Shields
 52375 | Depths:3 | Received a gift from Okawaru
 52615 | Depths:4 | Noticed a caustic shrike
 52642 | Depths:3 | Killed a caustic shrike
 52980 | Depths:4 | Reached XP level 22. HP: 131/179 MP: 30/30
 52989 | Depths:4 | Received a gift from Okawaru
 53214 | Depths:4 | Received a gift from Okawaru
 53692 | Depths:4 | Found a runed translucent door.
 53692 | Depths:4 | Noticed WeeknightWizard's ghost (veteran DEFE)
 53799 | Depths:4 | Received a gift from Okawaru
 54147 | Depths:4 | Received a gift from Okawaru
 54258 | Depths:4 | Received a gift from Okawaru
 54259 | Depths:4 | Reached skill level 22 in Shields
 54261 | Depths:4 | Identified the +0 hat of the Teacher {rC+ Str-3 Dex+6}
                  | (Okawaru gifted it to you on level 4 of the Depths)
 54264 | Depths:4 | Identified the Catalogue of the Frostbite and Conjuration
 54367 | Depths:5 | Entered Level 5 of the Depths
 55295 | Depths:5 | Found a gate to the Realm of Zot.
 55535 | Depths:5 | Found Corelej's General Store.
 56554 | Vaults:1 | Entered Level 1 of the Vaults
 56782 | Vaults:1 | Received a gift from Okawaru
 56967 | Vaults:1 | Received a gift from Okawaru
 56975 | Vaults:1 | Reached XP level 23. HP: 188/188 MP: 31/31
 56989 | Vaults:1 | Identified the +2 pair of boots "Pusy" {rC- Str+7} (Okawaru
                  | gifted it to you on level 1 of the Vaults)
 57695 | Vaults:2 | Reached skill level 23 in Shields
 57905 | Vaults:2 | Acquired 365 gold pieces
 58567 | Vaults:2 | Received a gift from Okawaru
 58568 | Vaults:2 | Identified the +7 war axe "Pamuf" {vorpal, rC+ Int+4}
                  | (Okawaru gifted it to you on level 2 of the Vaults)
 58924 | Vaults:2 | Found Emeej's Jewellery Shop.
 60045 | Vaults:3 | Received a gift from Okawaru
 60067 | Vaults:3 | Identified the +0 pair of boots of the Lily {Will+ Str+2
                  | Int+2} (Okawaru gifted it to you on level 3 of the Vaults)
 60093 | Vaults:3 | Identified the cursed +2 dire flail "Jihetuhe" {vorpal,
                  | Str+3}
 60337 | Vaults:3 | Reached XP level 24. HP: 198/198 MP: 30/31
 60557 | Vaults:3 | Reached skill level 24 in Shields
 60797 | Vaults:3 | Found a stormy altar of Qazlal.
 61121 | Vaults:3 | Found a staircase to the Crypt.
 61321 | Vaults:4 | Found a runed translucent gate.
 61321 | Vaults:4 | Found a runed translucent gate.
 61322 | Vaults:4 | Found a runed translucent gate.
 61322 | Vaults:4 | Noticed garrulousMonolith's ghost (veteran GnFi)
 61539 | Vaults:4 | Received a gift from Okawaru
 62632 | Vaults:5 | Entered Level 5 of the Vaults
 62811 | Vaults:5 | Found Kuicesof's Antique Armour Boutique.
 62887 | Vaults:5 | Reached XP level 25. HP: 204/205 MP: 30/31
 62924 | Vaults:5 | Received a gift from Okawaru
 62930 | Vaults:5 | Reached skill level 25 in Shields
 62945 | Vaults:5 | Identified the +0 pair of gloves of Loss {rF+ Regen+ Int+2}
                  | (Okawaru gifted it to you on level 5 of the Vaults)
 63413 | Vaults:5 | Identified the +2 buckler of the Flute {-Cast rPois Will+++
                  | Int-3} (You found it on level 5 of the Vaults)
 63536 | Vaults:5 | Received a gift from Okawaru
 63562 | Vaults:5 | Reached skill level 15 in Armour
 63591 | Vaults:5 | Identified the +3 kite shield "Osoicau Jame" {Int-4 Dex+7}
                  | (You found it on level 5 of the Vaults)
 64203 | Vaults:5 | Got a silver rune of Zot
 64767 | Elf:1    | Entered Level 1 of the Elven Halls
 64969 | Elf:1    | Received a gift from Okawaru
 64986 | Elf:1    | Found Xaus's Gadget Emporium.
 64986 | Elf:1    | Found Kykaipi's Armour Shoppe.
 65273 | Elf:1    | Identified Vehumet's Incunabulum of the Illusory Xenops
 65318 | Elf:1    | Found Winun's Magic Scroll Shop.
 65320 | Elf:1    | Found Boobiho's Assorted Antiques.
 65629 | Elf:2    | Found a frozen archway.
 65656 | IceCv    | Entered an ice cave
 65912 | IceCv    | Reached XP level 26. HP: 218/218 MP: 29/31
 65933 | IceCv    | Identified the +6 ring mail of Udghitwu {*Drain Str+3
                  | Dex+2} (You found it in an ice cave)
 65935 | IceCv    | Identified the +2 hunting sling "Viozalu" {freeze, Int+2
                  | Dex-2 Stlth+} (You found it in an ice cave)
 66221 | Elf:2    | Reached skill level 26 in Shields
 66459 | Elf:2    | Found a runed translucent door.
 66488 | Elf:2    | Found a runed translucent door.
 66536 | Elf:2    | Found Kynoy's Weapon Shoppe.
 66854 | Elf:2    | Received a gift from Okawaru
 66861 | Elf:2    | Identified the +3 hand axe "Otuleqez" {freeze, *Corrode rC+
                  | Will+ Str+7} (Okawaru gifted it to you on level 2 of the
                  | Elven Halls)
 67248 | Elf:3    | Entered Level 3 of the Elven Halls
 67347 | Elf:3    | Found Wuezof's Antique Armour Shop.
 67589 | Elf:3    | Found a runed translucent door.
 67590 | Elf:3    | Noticed mrflibble's ghost (adept MiBe)
 67668 | Elf:3    | Received a gift from Okawaru
 67679 | Elf:3    | Identified the +3 war axe of Instant Death {antimagic,
                  | rN++}
 67703 | Elf:3    | Received a gift from Okawaru
 67726 | Elf:3    | Reached skill level 15 in Throwing
 67744 | Elf:3    | Received a gift from Okawaru
 67905 | Elf:3    | Identified Folam's Disquisition on Contamination
 68126 | Elf:3    | Identified the cursed +1 plate armour "Zocyd" {rCorr} (You
                  | found it on level 3 of the Elven Halls)
 68142 | Elf:3    | Identified the ring "Molov" {Ice +Blink Dex+2 Slay-5
                  | Stlth+} (You found it on level 3 of the Elven Halls)
 68829 | Swamp:3  | Killed Eqig's ghost
 69037 | Swamp:3  | Noticed Donald
 69049 | Swamp:3  | Killed Donald
 69049 | Swamp:3  | Received a gift from Okawaru
 69050 | Swamp:3  | Got a pair of distressingly furry boots {god gift}
 69051 | Swamp:3  | Identified the +1 pair of boots of the Elephant {Str+4}
                  | (Okawaru gifted it to you on level 3 of the Swamp)
 69080 | Swamp:3  | Identified the +5 scale mail "Baerhudi" {Rampage rPois
                  | Will+++ Dex-5} (You found it on level 3 of the Swamp)
 70129 | Elf:3    | Identified the +5 lajatang of Valuable Assets {protect, rC+
                  | Int+4} (You found it on level 3 of the Elven Halls)
 70581 | Vaults:2 | Bought the ring "Qisenoho" {Ice Will+++ Int+2 Dex-3} for
                  | 657 gold pieces
 71180 | Temple   | Fell from the grace of Okawaru
 71180 | Temple   | Became a worshipper of the Shining One
 71497 | Crypt:1  | Entered Level 1 of the Crypt
 71546 | Crypt:1  | Reached * piety under the Shining One
 71984 | Crypt:1  | Noticed Mara
 72021 | Crypt:1  | Noticed CrazyMind's illusion
 72053 | Vaults:3 | Killed Mara
 72101 | Crypt:1  | Reached ** piety under the Shining One
 72280 | Crypt:1  | Reached *** piety under the Shining One
 72368 | Crypt:1  | Noticed Aizul
 72393 | Crypt:1  | Killed Aizul
 72416 | Crypt:1  | Reached XP level 27. HP: 228/228 MP: 10/31
 72622 | Crypt:1  | Killed from afar by a titan

Illustrated notes

Levels and vault maps discovered:
D:1:      sevenhm_arrival_forest_fort_small_6, layout_loops_ring,
          serial_bayou_crossing
D:2:      layout_rooms
D:3:      layout_loops_ring
D:4:      layout_layer_cave, serial_shops, nicolae_shop_stone, shop_fountains
D:5:      layout_rooms, enter_ossuary_3, uniq_pikel, uniq_eustachio
D:6:      layout_basic, lemuel_temple_firewalk_b, gup_sewer_entry_pipe,
          gammafunk_ghost_cemetery, uniq_duvessa, uniq_edmund, uniq_grinder
D:7:      layout_loops_corners, grunt_gozag_statues, uniq_joseph,
          uniq_crazy_yiuf_cottage
D:8:      layout_basic, due_lair_maze_entry_diamond, serial_shops, shop
D:9:      layout_gridville, orc_0_dummy, amcnicky_mini_pool_small
D:10:     layout_small_grid, uniq_psyche
D:11:     layout_rooms, serial_shops, nicolae_shop_competitors_out_of_business
D:12:     layout_rooms, minivault_5
D:13:     layout_long_grid, enter_bailey_2, serial_shops,
          nicolae_shop_behind_doors, uniq_frances
D:14:     layout_loops_ring, hangedman_vaults_entry_quadrant_bands,
          minmay_staircase_bubble
D:15:     hangedman_depths_entry_civil_slaughter, layout_irregular_city,
          nicolae_trove_entry_isolated, chequers_avenue, uniq_azrael
Temple:   kilobyte_greek_temple
Lair:1:   layout_cave_pods
Lair:2:   layout_big_grid, dummy_spider_entry, minivault_26,
          serial_bayou_shore_a
Lair:3:   layout_roguey, minmay_swamp_entry_reptiles,
          nzn_masters_of_martial_movement, minmay_lair_oklob_chamber
Lair:4:   layout_long_grid, pond, infiniplex_staircase_pool_2
Lair:5:   layout_regular_city, hangedman_lair_unloving_vines, grunt_megastairs_3
Lair:6:   due_jungle_book, layout_regular_city, slime_altar_2,
          serial_bayou_shore_b
Swamp:1:  layout_falls_marsh, evilmike_swamp_ruin_rubble_1,
          infiniplex_staircase_pool
Swamp:2:  layout_falls_marsh, serial_swamp_ruin, evilmike_swamp_ruin_house_2,
          hangedman_swamp_ruin_wall, uniq_louise, uniq_jorgrun, uniq_nikola
Swamp:3:  gammafunk_mikee_crab_dinner, layout_basic_swamp,
          gammafunk_ghost_grave, nicolae_swamp_godswood, uniq_donald
Swamp:4:  nzn_swamp_witches_coven, layout_basic_swamp
Spider:1: cheibrodos_forgotten_conduit
Spider:2: layout_spider_delve
Spider:3: layout_spider_delve, nicolae_spider_cling_ruins, uniq_arachne
Spider:4: guppyfry_spider_rune, uniq_asterion
Orc:1:    layout_caves, special_room [special_room_bee]
Orc:2:    st_orc_rangers, layout_caves, serial_shops, shop
Elf:1:    minmay_elf_arrival_circle, layout_rooms, serial_shops, shop, shop,
          shop_statue, nicolae_shop_stone, minmay_elf_annihilation
Elf:2:    layout_loops_cross, serial_shops, nicolae_shop_trees,
          portal_ice_cave_entry_pillars_2
Elf:3:    minmay_elf_hall_furrowed, layout_loops_cross,
          ebering_ghost_reflecting_pool, serial_shops, shop_statue
Vaults:1: v_rooms_5, vaults_room_pool, hangedman_vaults_stretched_pinwheel,
          vaults_room_hallway, grunt_vaults_hallway_short,
          hangedman_vaults_impose, vaults_dpeg_diagonal,
          nicolae_vaults_gold_heap, nicolae_vaults_murderbox,
          layout_vaults_quadrants
Vaults:2: v_misc_15, vaults_room_grid, nicolae_vaults_big_ls,
          vaults_mumra_minichess_inversion, v_misc_2,
          nicolae_vaults_angled_halls, special_room_vaults [special_room_orc],
          hangedman_vaults_slice, vaults_standard_mumra_x, v_misc_4,
          nicolae_vaults_circle_grid_a, vaults_dpeg_ring,
          layout_vaults_omnicross, serial_shops, shop
Vaults:3: ontoclasm_vaults_ring_large, vaults_room_door_ring, v_pattern_1,
          vaults_room_fours, v_misc_12, grunt_vaults_funnel,
          nicolae_vaults_windows_and_doors_thing, nicolae_vaults_ninety_degrees,
          vaults_dpeg_hooks, ontoclasm_vaults_tryst,
          minmay_crypt_entry_simple_walls, nicolae_vaults_little_squares_4,
          layout_vaults_maze_snakey, basic_altar
Vaults:4: gammafunk_vaults_ghost_spectres, nicolae_vaults_disjoint_gnomons,
          nicolae_vaults_network_barrier, v_alt_pattern_2, v_misc_9,
          vaults_dpeg_cross, v_rooms_2, hangedman_vaults_nodes,
          grunt_vaults_hallway_long, layout_vaults_ring
Vaults:5: serial_shops
Crypt:1:  layout_catacombs, uniq_aizul, uniq_mara
Depths:1: layout_gridlike, enter_ziggurat_a, hellmouth_3,
          gammafunk_ghost_tricky_traps, pan_entry, dpeg_stationary_puzzle
Depths:2: kennysheep_scales, layout_gridville,
          nicolae_abyss_entry_one_way_or_another, hell_entry,
          chequers_serial_rivers_small_3, nicolae_lava_and_water,
          minmay_shop_grove, minmay_staircase_statues_hall_large
Depths:3: minmay_connected_boxes_in_corner, layout_long_grid, kennysheep_nub,
          serial_shops, shop_statue, pan_entry, hangedman_coc_ice_floe,
          serial_bayou_shore_b, grunt_megastairs_2, uniq_mennas, uniq_saint_roka
Depths:4: minmay_concentric_multi, layout_gridlike, hell_entry, abyss_entry,
          gammafunk_ghost_grave, hex_tiny
Depths:5: evilmike_zot_entry_diamond, layout_honeycomb, minmay_strange_pillars,
          serial_shops, shop, pf_vacation_house_of_asmodeus, drop_trap,
          roderic_lattice_octagonal_star

Skill      XL: |  1  2  3  4  5  6  7  8  9 10 11 12 13 14 15 16 17 18 19 20 21 22 23 24 25 26 |
---------------+-------------------------------------------------------------------------------+-----
Shields        | 4 5 6 8 9 10 11 12 13 14 15 16 17 18 20 21 22 23 24 25 26 | 26.6
Axes           | 3 4 5 6 7 10 11 12 13 15 17 18 19 20 21 22 23 24 | 24.5
Armour         | 4 5 6 7 8 9 10 11 12 13 14 15 | 15.9
Fighting       | 4 5 6 7 8 9 10 11 12 13 14 15 16 17 18 19 20 21 | 21.2
Throwing       | 1 2 4 5 6 7 8 9 10 11 12 13 15 | 15.5
Dodging        | 1 2 3 4 5 6 7 8 |  8.0
Invocations    | 1 3 4 5 7 8 9 10 11 | 11.9
Maces & Flails | 1 |  1.4
Evocations     | |  0.3

Action                   |  1- 3 |  4- 6 |  7- 9 | 10-12 | 13-15 | 16-18 | 19-21 | 22-24 | 25-27 || total
-------------------------+-------+-------+-------+-------+-------+-------+-------+-------+-------++-------
Melee: War axe           |   100 |   258 |   334 |       |    64 |   108 |    74 |       |   402 ||  1340
       Hand axe          |       |       |    42 |   838 |    11 |       |       |       |       ||   891
       Broad axe         |       |       |       |   101 |  1103 |  1382 |  1061 |  1520 |   837 ||  6004
       Whip              |       |       |       |    35 |       |       |       |       |       ||    35
Throw: Boomerang         |     3 |    18 |    10 |   205 |   201 |   144 |   189 |   153 |   137 ||  1060
       Javelin           |       |       |     5 |     7 |    31 |    24 |    28 |    24 |    17 ||   136
       Dart              |       |       |     5 |    17 |    11 |   259 |     1 |       |     1 ||   294
       Stone             |       |       |       |     5 |       |       |       |       |       ||     5
Invok: Heroism           |       |       |       |    14 |    23 |    21 |    15 |     9 |     4 ||    86
       Finesse           |       |       |       |     1 |     3 |     5 |     6 |       |       ||    15
       Divine Shield     |       |       |       |       |       |       |       |       |     2 ||     2
 Abil: Hop               |       |       |     2 |     1 |       |     2 |     3 |     1 |     1 ||    10
Evoke: Wand              |       |       |    19 |     1 |     2 |     5 |     1 |       |       ||    28
       Box of beasts     |       |       |       |     1 |     1 |       |       |       |       ||     2
       Condenser vane    |       |       |       |       |       |     1 |     1 |     1 |       ||     3
  Use: Scroll            |     2 |     5 |     2 |    11 |    16 |    11 |     6 |     7 |    23 ||    83
       Potion            |       |     1 |     5 |     8 |     2 |     4 |     3 |       |     1 ||    24
 Stab: Petrified         |       |       |       |       |     7 |       |       |       |       ||     7
       Held in net/web   |       |       |       |       |       |     2 |       |       |       ||     2
       Confused          |       |       |       |       |       |     3 |     1 |       |       ||     4
       Distracted        |       |       |       |       |       |     1 |       |       |       ||     1
       Petrifying        |       |       |       |       |       |       |       |       |     1 ||     1
Armor: Scale mail        |    50 |    61 |       |   206 |   391 |   385 |       |       |       ||  1093
       Chain mail        |       |    39 |    65 |       |    15 |    45 |       |       |       ||   164
       Plate armour      |       |       |    52 |    46 |       |   118 |   418 |   379 |   209 ||  1222
       Gold dragon scale |       |       |       |       |       |       |       |       |   115 ||   115
Dodge: Dodged            |    29 |    53 |    51 |   240 |   362 |   587 |   215 |   247 |   216 ||  2000
Block: Kite shield       |    60 |   200 |   293 |   233 |       |  1488 |   949 |  1164 |   255 ||  4642
       Reflection        |       |    12 |    13 |    11 |    33 |    51 |    90 |   125 |   120 ||   455
       Buckler           |       |       |       |   302 |   564 |    25 |       |       |       ||   891
       Tower shield      |       |       |       |       |       |       |       |       |   946 ||   946
